 Dungeon Crawl Stone Soup version 0.17-a0-1830-g81820eb (webtiles) character file.

125675 kae the Executioner (level 16, -13/152 HPs)
             Began as a Minotaur Fighter on Sept 13, 2015.
             Was the Champion of Ru.
             Killed from afar by a hellion (41 damage)
             ... with a burst of hellfire
             ... on level 1 of the Abyss.
             The game lasted 01:15:27 (32408 turns).

kae the Executioner (Minotaur Fighter)             Turns: 32408, Time: 01:15:27

Health: -13/152    AC: 30    Str: 22      XL:     16   Next: 42%
Magic:  15/15      EV:  7    Int:  1 (7)  God:    Ru [******]
Gold:   2753       SH:  0    Dex: 28      Spells: 0 memorised, 15 levels left

rFire  + . .     SeeInvis .     Z - +8 executioner's axe "Qudghen" {freeze, rC+ MR+ Dex+3}
rCold  + + .     Clarity  .     j - +7 plate armour of Amugh {+Blink rF+ rN+ Stlth+}
rNeg   + . .     SustAt   .     (no shield)
rPois  .         Gourm    .     w - +0 hat
rElec  .         Spirit   .     y - +2 cloak {MR+}
rCorr  .         Warding  .     o - +0 pair of gloves "Nebrahuw" {Dex+4} (curse)
rMut   .         Stasis   +     X - +1 pair of boots
MR     +++..                    Y - amulet of stasis
Stlth  ..........               P - ring of Pantheism {rC+ Dex+3}
                                F - +4 ring of dexterity

@: drained, extremely resistant to hostile enchantments, extremely unstealthy
A: retaliatory headbutt, horns 2, blurry vision 1, deterioration 1, screaming 1,
teleportitis 1, no stealth, inability to use devices, no earth magic, no
necromancy magic, no summoning magic, disrupted magic 1, unskilled 1
a: Draw Out Power, Power Leap, Apocalypse, Renounce Religion


You were on level 1 of the Abyss.
You worshipped Ru.
Ru was exalted by your worship.
You were very hungry.

You visited 5 branches of the dungeon, and saw 30 of its levels.
You visited the Abyss 1 time.

You collected 3073 gold pieces.
You spent 320 gold pieces at shops.

Inventory:

Hand weapons
 Z - the +8 executioner's axe "Qudghen" (weapon) {freeze, rC+ MR+ Dex+3}
   (You acquired it on level 2 of the Elven Halls)

   It has been specially enchanted to freeze those struck by it, causing extra
   injury to most foes and up to half again as much damage against particularly
   susceptible opponents.
   It can also slow down cold-blooded creatures.
   It affects your dexterity (+3).
   It protects you from cold.
   It affects your resistance to hostile enchantments.
Armour
 j - the +7 plate armour of Amugh (worn) {+Blink rF+ rN+ Stlth+}
   (You found it on level 4 of the Lair of Beasts)

   It protects you from fire.
   It protects you from negative energy.
   It lets you blink.
   It makes you more stealthy.
 o - the cursed +0 pair of gloves "Nebrahuw" (worn) {Dex+4}
   (You took it off Nikola on level 2 of the Elven Halls)

   It affects your dexterity (+4).
   It has a curse placed upon it.
 v - a +1 pair of gloves of strength
 w - a +0 hat (worn)
 y - a +2 cloak of magic resistance (worn)
 X - a +1 pair of boots (worn)
Jewellery
 h - a +4 ring of intelligence
 t - an uncursed ring of protection from cold
 B - an uncursed amulet of regeneration
 F - a +4 ring of dexterity (left hand)
 H - an uncursed ring of protection from fire
 I - a +4 ring of strength
 L - an uncursed amulet of resist mutation
 P - the ring of Pantheism (right hand) {rC+ Dex+3}
   (You found it on level 12 of the Dungeon)

   [ring of dexterity]

   It affects your dexterity (+3).
   It protects you from cold.
 W - a +3 ring of intelligence
 Y - an amulet of stasis (around neck)
Scrolls
 k - 9 scrolls of magic mapping
 p - 3 scrolls of enchant weapon
 u - 8 scrolls of enchant armour
 C - 2 scrolls of fear
 G - 4 scrolls of fog
 M - 10 scrolls of teleportation
 N - 14 scrolls of identify
 Q - 8 scrolls of remove curse
 R - a scroll of blinking
 S - 6 scrolls of amnesia
Potions
 a - a potion of berserk rage
 b - a potion of might
 f - 4 potions of heal wounds
 i - 3 potions of resistance
 l - a potion of cure mutation
 m - 10 potions of curing
 n - 2 potions of invisibility
 A - a potion of haste
 D - a potion of lignification
 K - 4 potions of flight
 V - a potion of cancellation
Books
 c - a Young Poisoner's Handbook

   Spells                             Type                      Level
   a - Sting                          Conjuration/Poison           1
   b - Cure Poison                    Poison                       2
   c - Mephitic Cloud                 Conjuration/Poison/Air       3
   d - Olgreb's Toxic Radiance        Poison                       4
   e - Venom Bolt                     Conjuration/Poison           5
 d - a book of Party Tricks

   Spells                             Type                      Level
   a - Summon Butterflies             Summoning                    1
   b - Apportation                    Translocation                1
   c - Tukima's Dance                 Hexes                        3
   d - Alistair's Intoxication        Transmutation/Poison         4
   e - Invisibility                   Hexes                        6
 g - a book of Maledictions

   Spells                             Type                      Level
   a - Corona                         Hexes                        1
   b - Ensorcelled Hibernation        Hexes/Ice                    2
   c - Confuse                        Hexes                        3
   d - Tukima's Dance                 Hexes                        3
   e - Dazzling Spray                 Conjuration/Hexes            3
 E - a book of Annihilations

   Spells                             Type                      Level
   a - Poison Arrow                   Conjuration/Poison           6
   b - Chain Lightning                Conjuration/Air              8
   c - Lehudib's Crystal Spear        Conjuration/Earth            8
   d - Glaciate                       Conjuration/Ice              9
   e - Fire Storm                     Conjuration/Fire             9
 J - Yxaoriku's Tome of Stolen Souls
   (You found it on level 1 of the Elven Halls)

   Spells                             Type                      Level
   a - Corpse Rot                     Necromancy                   2
   b - Animate Dead                   Necromancy                   4
   c - Bolt of Draining               Conjuration/Necromancy       5
   d - Agony                          Necromancy                   5
 O - a book of Ice

   Spells                             Type                      Level
   a - Ice Form                       Ice/Transmutation            4
   b - Metabolic Englaciation         Hexes/Ice                    5
   c - Ozocubu's Refrigeration        Ice                          6
   d - Bolt of Cold                   Conjuration/Ice              6
   e - Freezing Cloud                 Conjuration/Ice/Air          6
   f - Simulacrum                     Ice/Necromancy               6
 U - a book of Enchantments

   Spells                             Type                      Level
   a - Cause Fear                     Hexes                        4
   b - Silence                        Hexes/Air                    5
   c - Deflect Missiles               Charms/Air                   6
   d - Haste                          Charms                       6
   e - Discord                        Hexes                        8
Comestibles
 e - 5 meat rations
 q - 12 beef jerkies
 s - 4 royal jellies
 x - 20 fruits
 z - 7 bread rations
 T - a slice of pizza


   Skills:
 - Level 16.4(15.0) Fighting
 + Level 22.1(20.5) Axes
 - Level 14.2(12.9) Armour
   Level 3.2(2.2) Shields


You had 15 spell levels left.
You didn't know any spells.

Dungeon Overview and Level Annotations

Branches:
Dungeon (15/15)            Temple (1/1) D:4            Lair (8/8) D:8
  Swamp (0/4) Lair:3       Spider (0/4) Lair:6        Slime (0/6) Lair:7
    Orc (4/4) D:12            Elf (2/3) Orc:3        Vaults (0/5) D:14
 Depths (0/5) D:15

Altars:
Ashenzari
Cheibriados
Dithmenos
Elyvilon
Fedhas
Gozag
Kikubaaqudgha
Makhleb
Nemelex Xobeh
Okawaru
Qazlal
Ru
Sif Muna
Trog
Vehumet
Xom
Yredelemnul
Zin
The Shining One
Beogh
Jiyva

Shops:
Orc:3 **[}   Orc:4 ?((([*:[   Elf:1 (

Portals:
Trove: D:11 (show abyssal rune of Zot)


Innate Abilities, Weirdness & Mutations

You reflexively headbutt those who attack you in melee.
You have a pair of horns on your head.
You occasionally shout uncontrollably at your foes.
You cannot be stealthy.
You cannot study or use magical devices.
You cannot study or cast Earth magic.
You cannot study or cast Necromancy magic.
You cannot study or cast Summoning magic.
Your casting is slightly disrupted.
You are somewhat unskilled (-1 Apt).
Scrolls take you a little longer to read.
Your body sometimes deteriorates upon taking damage.
You are occasionally teleported to nearby monsters.


Message History

The eidolon begins to attack, but is stunned by your will!
You slash the eidolon!
The eidolon is heavily damaged.
You swing at nothing.
You catch the helpless eidolon completely off-guard!
You hit the eidolon but do no damage.
The eidolon is heavily damaged.
The eidolon breathes negative energy at you.
The bolt of negative energy hits you! You partially resist.
You feel drained.
* * * LOW HITPOINT WARNING * * *
You slice the eidolon!! You freeze the eidolon. You headbutt the eidolon.
You destroy the eidolon!
You see here 2 stones.
You see here a stone.
You start resting.
A hellion comes into view.
The hellion gives a hideous shriek!
The hellion gestures at you.
The hellfire explodes!
The burst of hellfire engulfs you!
You die...

.. . #..#.# .#
#. #..######
##.##.(. ...
..#
#.#.#.###(##
.##
#...###...#
###
##..#..##(#
.2.#..#..#####
# #..#.###
#.@..#
#####..# .# #


You could see a hellion.

Vanquished Creatures
  Norris (D:14)
  Nikola (Elf:2)
  Rupert (D:14)
  A tentacled starspawn (Abyss:1)
  Gastronok (D:8)
  An Executioner (Abyss:1)
  A frost giant (D:15)
  An orc warlord (Orc:4)
  An eidolon (Abyss:1)
  3 deep elf death magi
  An ettin (Orc:1)
  14 dancing weapons (Elf:2)
  3 tengu warriors
  2 centaur warriors (D:15)
  4 orc high priests (Orc:4)
  6 large abominations (Elf:1)
  14 deep elf knights
  A sun demon (Abyss:1)
  Nergalle (Lair:4)
  A vampire mage (Abyss:1)
  A slime creature (D:12)
  An ice devil (Abyss:1)
  A death drake (Abyss:1)
  A wolf spider zombie (D:15)
  2 deep elf summoners
  4 orc knights
  A wizard (D:15)
  A hill giant (D:14)
  4 orc sorcerers
  11 deep elf conjurers
  3 griffons
  2 wolf spiders
  2 ugly things (D:13)
  A manticore (D:14)
  A sixfirhy (Abyss:1)
  Maurice (Orc:4)
  10 elephants
  4 black mambas
  Psyche (D:8)
  An efreet (D:11)
  A yaktaur (D:15)
  18 spiny frogs
  7 komodo dragons
  7 deep elf priests
  2 tengu conjurers (D:14)
  The ghost of asdu the Cleaver, an experienced VSBe of Trog (D:8)
  3 fire drakes
  A freezing wraith (D:14)
  4 polar bears (Lair:5)
  Prince Ribbit (D:8)
  2 giant leeches
  8 trolls
  2 two-headed ogres
  21 blink frogs
  3 wyverns
  A vampire (D:12)
  A spriggan (Lair:2)
  A small abomination (Abyss:1)
  16 humans (D:14)
  44 yaks
  A yak (shapeshifter) (Elf:2)
  A ynoxinul (Abyss:1)
  2 shadows
  19 deep elf fighters
  A wraith (D:13)
  13 deep elf magi
  A hungry ghost (D:10)
  Grum (D:9)
  3 wargs
  11 vampire mosquitoes
  2 swamp worms (Lair:3)
  A chaos spawn (Abyss:1)
  2 neqoxecs (Abyss:1)
  6 basilisks
  A soldier ant (D:15)
  31 water moccasins
  13 hippogriffs
  19 wolves
  Duvessa (D:4)
  An ice beast (D:9)
  2 black bears
  6 sky beasts
  A necrophage (D:9)
  7 starcursed masses (Abyss:1)
  An eye of draining (D:12)
  15 ogres
  36 orc warriors
  8 porcupines
  A swamp drake (D:12)
  4 centaurs
  2 phantoms
  5 boggarts (D:14)
  2 wasps
  12 crocodiles
  2 elf zombies (Elf:1)
  A big kobold (D:7)
  31 giant frogs
  Dowan (D:4)
  A wyvern skeleton (D:12)
  4 scorpions
  3 killer bees (D:7)
  The ghost of WhatIsLove the Poker, a weakling MfGl of Elyvilon (D:3)
  4 electric eels
  A giant frog zombie (D:11)
  10 wights
  5 hounds
  6 jellies
  10 crimson imps
  3 centaur zombies
  A gnoll shaman (D:5)
  22 orc priests
  11 worker ants
  3 centaur skeletons
  Jessica (D:3)
  44 orc wizards
  9 iguanas
  17 sheep
  A hound zombie (D:6)
  A hound skeleton (D:9)
  Robin (D:3)
  11 gnolls
  26 river rats
  A worker ant zombie (D:7)
  27 adders
  3 shadow imps
  An ooze (D:2)
  An adder zombie (D:9)
  4 worms
  3 giant geckos
  191 orcs
  4 ball pythons
  5 bats
  11 giant cockroaches
  24 goblins
  7 hobgoblins
  12 jackals
  5 quokkas
  A giant gecko skeleton (D:6)
  5 giant newts
  A jackal skeleton (D:5)
  13 kobolds
  3 quokka skeletons
  6 rats
  A butterfly (Lair:8)
  4 fungi
  6 plants
1058 creatures vanquished.

Vanquished Creatures (others)
  A deep elf knight (Elf:1)
  An orc knight (Orc:4)
  A black mamba (Lair:8)
  5 blink frogs
  A deep elf mage (Elf:1)
  A wyvern (D:10)
  A yak (Lair:8)
  A basilisk (Lair:7)
  A hippogriff (D:11)
  A deep elf fighter (Elf:1)
  2 giant frogs (Lair:8)
  An orc wizard (D:11)
  5 sheep (D:6)
  An adder (D:8)
  2 orcs
  A butterfly (Lair:8)
  14 fungi
  2 lurking horrors (Abyss:1)
  4 plants
  2 starspawn tentacles (Abyss:1)
  A starspawn tentacle segment (Abyss:1)
49 creatures vanquished.

Grand Total: 1107 creatures vanquished

Notes
Turn   | Place    | Note
--------------------------------------------------------------
     0 | D:1      | kae the Minotaur Fighter began the quest for the Orb.
     0 | D:1      | Reached XP level 1. HP: 19/19 MP: 0/0
    65 | D:1      | Reached XP level 2. HP: 26/26 MP: 1/1
   351 | D:1      | Reached skill level 4 in Axes
   608 | D:1      | Reached XP level 3. HP: 31/31 MP: 2/2
   709 | D:2      | You fall through a shaft for 2 floors!
   728 | D:4      | Noticed Duvessa
   729 | D:4      | Noticed Dowan
   738 | D:4      | Killed Duvessa
   738 | D:4      | Reached skill level 6 in Axes
   738 | D:4      | Reached XP level 4. HP: 16/39 MP: 3/3
   739 | D:4      | Killed Dowan
   739 | D:4      | Reached XP level 5. HP: 19/45 MP: 4/4
  1046 | D:4      | Found a staircase to the Ecumenical Temple.
  1065 | Temple   | Entered the Ecumenical Temple
  1172 | Temple   | Became a worshipper of Ru the Awakened
  1204 | D:4      | Reached skill level 7 in Axes
  1254 | D:4      | Noticed a scorpion
  1267 | D:4      | Killed a scorpion
  1267 | D:4      | Reached XP level 6. HP: 39/51 MP: 5/5
  1275 | D:4      | Reached skill level 8 in Axes
  1611 | D:4      | Noticed a scorpion
  1619 | D:4      | Killed a scorpion
  2103 | D:4      | Reached skill level 9 in Axes
  2140 | D:3      | Noticed Jessica
  2150 | D:3      | Killed Jessica
  2208 | D:3      | Reached XP level 7. HP: 57/57 MP: 6/6
  2261 | D:3      | Noticed WhatIsLove's ghost (weakling MfGl)
  2809 | D:2      | Gained mutation: You cannot be stealthy. [Ru sacrifice]
  3197 | D:3      | Noticed Robin
  3210 | D:3      | Killed Robin
  3458 | D:3      | Reached skill level 10 in Axes
  3501 | D:3      | Killed WhatIsLove's ghost
  4120 | D:5      | Entered Level 5 of the Dungeon
  4122 | D:5      | Found an ancient bone altar of Kikubaaqudgha.
  4160 | D:5      | Found a glowing silver altar of Zin.
  4226 | D:5      | Found an iron altar of Okawaru.
  4250 | D:5      | Reached skill level 11 in Axes
  4513 | D:5      | Reached XP level 8. HP: 49/64 MP: 7/7
  4745 | D:5      | Gained mutation: Your casting is slightly disrupted. [Ru sacrifice]
  4745 | D:5      | Acquired Ru's first power
  5119 | D:6      | Reached skill level 12 in Axes
  5448 | D:6      | Found a shimmering altar of Xom.
  6030 | D:7      | Reached skill level 13 in Axes
  6338 | D:7      | Reached XP level 9. HP: 42/70 MP: 8/8
  6722 | D:7      | Found a blossoming altar of Fedhas.
  6908 | D:8      | Noticed Psyche
  6918 | D:8      | Killed Psyche
  6918 | D:8      | Reached skill level 14 in Axes
  6931 | D:8      | Found a bloodstained altar of Trog.
  6961 | D:8      | Gained mutation: You cannot study or cast Earth magic. [Ru sacrifice]
  6961 | D:8      | Gained mutation: You cannot study or cast Necromancy magic. [Ru sacrifice]
  6961 | D:8      | Gained mutation: You cannot study or cast Summoning magic. [Ru sacrifice]
  6961 | D:8      | Acquired Ru's second power
  7191 | D:8      | Reached skill level 15 in Axes
  7593 | D:8      | Found a staircase to the Lair.
  7668 | D:8      | Noticed Gastronok
  7683 | D:8      | Killed Gastronok
  7683 | D:8      | Reached skill level 16 in Axes
  7683 | D:8      | Reached XP level 10. HP: 40/77 MP: 9/9
  7711 | D:8      | Noticed asdu's ghost (experienced VSBe)
  7714 | D:8      | Killed asdu's ghost
  7999 | D:8      | Reached skill level 17 in Axes
  8075 | D:8      | Noticed Prince Ribbit
  8080 | D:8      | Killed Prince Ribbit
  8291 | D:9      | Reached skill level 5 in Fighting
  9465 | D:9      | Noticed Grum
  9480 | D:9      | Killed Grum
  9764 | D:9      | Found a stormy altar of Qazlal.
  9863 | Lair:1   | Entered Level 1 of the Lair of Beasts
  9881 | Lair:1   | Gained mutation: You occasionally shout uncontrollably at your foes. [Ru sacrifice]
 10497 | Lair:1   | Reached XP level 11. HP: 75/99 MP: 10/10
 10979 | Lair:2   | Reached skill level 10 in Fighting
 12705 | Lair:2   | Noticed an eight-headed hydra
 13284 | Lair:3   | Reached XP level 12. HP: 96/118 MP: 11/11
 13643 | Lair:3   | Found a staircase to the Swamp.
 13854 | Lair:4   | Reached skill level 15 in Fighting
 13860 | Lair:4   | Gained mutation: You are somewhat unskilled (-1 Apt). [Ru sacrifice]
 13860 | Lair:4   | Reduced skill Axes to level 15
 13860 | Lair:4   | Acquired Ru's third power
 13860 | Lair:4   | Acquired Ru's fourth power
 13951 | Lair:4   | Got a polished plate armour
 13962 | Lair:4   | Identified the +7 plate armour of Amugh {+Blink rF+ rN+ Stlth+} (You found it on level 4 of the Lair of Beasts)
 14554 | Lair:4   | Noticed Nergalle
 14571 | Lair:4   | Killed Nergalle
 14571 | Lair:4   | Reached skill level 15 in Fighting
 15465 | Lair:5   | Reached skill level 16 in Fighting
 15790 | Lair:5   | Noticed an eight-headed hydra
 16040 | Lair:6   | Noticed a seven-headed hydra
 16132 | Lair:6   | Found a hole to the Spider Nest.
 17026 | Lair:7   | Noticed a four-headed hydra
 17071 | Lair:7   | Reached XP level 13. HP: 50/130 MP: 12/12
 17481 | Lair:7   | Noticed a five-headed hydra
 18046 | Lair:7   | Gained mutation: You cannot study or use magical devices. [Ru sacrifice]
 18046 | Lair:7   | Acquired Ru's fifth power
 18305 | Lair:7   | Found a viscous altar of Jiyva.
 18314 | Lair:7   | Found a staircase to the Slime Pits.
 18342 | Lair:7   | Reached skill level 17 in Axes
 18489 | Lair:8   | Entered Level 8 of the Lair of Beasts
 19376 | Lair:8   | Reached skill level 18 in Axes
 21100 | D:10     | Entered Level 10 of the Dungeon
 21147 | D:10     | Reached skill level 5 in Armour
 21242 | D:10     | Identified a scroll of acquirement
 22126 | D:11     | Reached XP level 14. HP: 123/138 MP: 13/13
 23058 | D:11     | Found a portal to a secret trove of treasure.
 23211 | D:12     | Got a warped amber ring
 23268 | D:12     | Identified the ring of Pantheism {rC+ Dex+3} (You found it on level 12 of the Dungeon)
 23393 | D:12     | Found a staircase to the Orcish Mines.
 23872 | Orc:1    | Entered Level 1 of the Orcish Mines
 24764 | Orc:3    | Found a staircase to the Elven Halls.
 24807 | Orc:3    | Found Zeeryj's Antique Armour Boutique.
 24955 | Orc:3    | Found Per Kiu's General Store.
 24967 | Orc:3    | Found Wamafuz's General Store.
 24998 | Orc:3    | Found Ytioxt's Gadget Emporium.
 25426 | Orc:4    | Entered Level 4 of the Orcish Mines
 25442 | Orc:4    | Found Isuxkeism's Weapon Shoppe.
 25474 | Orc:4    | Found Wacib's Antique Weapon Boutique.
 25517 | Orc:4    | Found Macruq's Antique Armour Shop.
 25548 | Orc:4    | Reached skill level 10 in Armour
 25627 | Orc:4    | Noticed Maurice
 25631 | Orc:4    | Noticed an orc warlord
 25634 | Orc:4    | Killed Maurice
 25645 | Orc:4    | Paralysed by an orc sorcerer for 6 turns
 25776 | Orc:4    | Killed an orc warlord
 25952 | Orc:4    | Found a roughly hewn altar of Beogh.
 26074 | Orc:4    | Found Xaixus's Magic Scroll Shop.
 26089 | Orc:4    | Bought a scroll of brand weapon for 320 gold pieces
 26297 | Orc:4    | Found Cireko's General Store.
 26298 | Orc:4    | Found Heucikac's Book Boutique.
 26301 | Orc:4    | Found Jydutsic's Antique Armour Shop.
 26301 | Orc:4    | Found Odugebut's Antique Weapon Shop.
 26736 | D:14     | Found a gate to the Vaults.
 26736 | D:14     | Noticed Norris
 26736 | D:14     | Noticed Rupert
 26742 | D:14     | Killed Rupert
 26756 | D:14     | Killed Norris
 26756 | D:14     | Reached XP level 15. HP: 105/145 MP: 7/14
 28003 | D:15     | Entered Level 15 of the Dungeon
 28409 | D:15     | Found a basalt altar of Yredelemnul.
 28621 | D:15     | Found a staircase to the Depths.
 28626 | D:15     | Reached skill level 19 in Axes
 28961 | Elf:1    | Entered Level 1 of the Elven Halls
 28997 | Elf:1    | Found Tiesujyd's Weapon Shoppe.
 29013 | Elf:1    | Paralysed by an orc sorcerer for 2 turns
 29665 | Elf:1    | Identified Yxaoriku's Tome of Stolen Souls (You found it on level 1 of the Elven Halls)
 29942 | Elf:2    | Reached skill level 20 in Axes
 30280 | Elf:2    | Found a deep blue altar of Sif Muna.
 30359 | Elf:2    | Found a huge runed gate.
 30359 | Elf:2    | Found a huge runed gate.
 30359 | Elf:2    | Found a huge runed gate.
 30359 | Elf:2    | Found a huge runed gate.
 30359 | Elf:2    | Found a huge runed gate.
 30418 | Elf:2    | Got a slimy executioner's axe
 30419 | Elf:2    | Identified the +8 executioner's axe "Qudghen" {freeze, rC+ MR+ Dex+3} (You acquired it on level 2 of the Elven Halls)
 30641 | Elf:2    | Noticed Nikola
 30659 | Elf:2    | Killed Nikola
 30664 | Elf:2    | Got a pair of translucent gloves
 30676 | Elf:2    | Identified the cursed +0 pair of gloves "Nebrahuw" {Dex+4} (You took it off Nikola on level 2 of the Elven Halls)
 31169 | Elf:2    | Reached skill level 21 in Axes
 31267 | Elf:2    | Reached XP level 16. HP: 134/152 MP: 15/15
 31907 | Elf:2    | Cast into the Abyss (trident of distortion)
 31953 | Abyss:1  | Noticed a tentacled starspawn
 31957 | Abyss:1  | Gained mutation: Your body sometimes deteriorates upon taking damage. [a neqoxec]
 31958 | Abyss:1  | Gained mutation: Scrolls take you a little longer to read. [a neqoxec]
 31959 | Abyss:1  | Gained mutation: You are occasionally teleported to nearby monsters. [a neqoxec]
 31965 | Abyss:1  | Killed a tentacled starspawn
 32133 | Abyss:1  | Noticed an Executioner
 32137 | Abyss:1  | Killed an Executioner
 32247 | Abyss:1  | HP: 3/152 [starcursed mass/accursed screaming (10)]
 32252 | Abyss:1  | Reached skill level 22 in Axes
 32256 | Abyss:1  | HP: 4/152 [starcursed mass/accursed screaming (6)]
 32408 | Abyss:1  | Killed from afar by a hellion

Vault maps used:
D:1:      dpeg_arrival_boxorama, st_stairs_11, hex_intersection, minmay_unequal
D:2:      first_bread
D:3:      kennysheep_goblin_castle, uniq_jessica
D:4:      minmay_temple_entry_purple_smoke, dk_noncrumbling_4, uniq_duvessa
D:5:      nicolae_overflow_crystal_walls, lemuel_crystal_altar,
          old_standard_altar
D:6:      kb_xom_exploding_sheep
D:7:      lemuel_doored_altar, serial_glass, glass_columns_a, glass_columns_a,
          glass_columns_c, glass_columns_c, glass_columns_b, glass_columns_b,
          due_unseen_surprise, minmay_strange_pillars, feat_on_display
D:8:      bloody_trog, lair_0_dummy, lightli_corner_chamber, uniq_gastronok,
          uniq_prince_ribbit1, uniq_psyche
D:9:      nicolae_qazlal_eye_of_the_storm, uniq_grum
D:10:     grunt_tengu_nest, kennysheep_minor_cross
D:11:     nicolae_trove_entry_crystal, minmay_misc_feat_five, minivault_14
D:12:     erik_orc_1
D:14:     lemuel_ogre_cave, david_vaults_3, small_statue_intersection
D:15:     grunt_enter_depths_snipers, yredelemnul_altar_generic, minivault_22,
          minmay_unpleasant_kobolds
Temple:   zaba_magenta_temple_12
Lair:2:   lemuel_reptile_caves, grunt_forest_large_clearing_hut
Lair:3:   minmay_swamp_entry_worms, kennysheep_basilisk_garden
Lair:4:   beast_lair_carwin_3, lemuel_fruit_fields, uniq_nergalle
Lair:5:   beast_lair_carwin_2, bh_autumn_forest_stairs
Lair:6:   spider_nest_entry_rubble
Lair:7:   slime_altar_1, infiniplex_staircase_pool_2
Lair:8:   minmay_lair_end_frog_pond, lemuel_old_faithful, lemuel_fruit_fields
Orc:3:    serial_shops, shop, shop, nicolae_shop_waterfront, shop,
          nicolae_orc_pool_cavern
Orc:4:    st_orc_congregation, serial_shops, nicolae_shop_crystal, shop, shop,
          shop_scrolls, basic_altar, uniq_maurice
Elf:1:    serial_shops, shop, serial_glass, glass_columns_c, glass_columns_c,
          glass_columns_b, minmay_strange_pillars, feat_on_display,
          minmay_strange_pillars, minmay_elf_necromancy,
          nicolae_elf_stone_circles
Elf:2:    st_stairs_14, david_defended_altar_elf, uniq_nikola

Action                   |  1- 3 |  4- 6 |  7- 9 | 10-12 | 13-15 | 16-18 || total
-------------------------+-------+-------+-------+-------+-------+-------++-------
Melee: War axe           |    76 |    59 |   442 |   684 |   403 |       ||  1664
       Executioner's axe |       |       |       |       |   592 |   132 ||   724
       Battleaxe         |       |       |       |       |   328 |       ||   328
Invok: Sacrifice Stealth |       |       |     1 |       |       |       ||     1
       Sacrifice Essence |       |       |     1 |       |       |       ||     1
       Sacrifice Arcana  |       |       |     1 |       |       |       ||     1
       Sacrifice Purity  |       |       |       |     1 |       |       ||     1
       Reject Sacrifices |       |       |       |     2 |       |       ||     2
       Sacrifice Skill   |       |       |       |     1 |       |       ||     1
       Sacrifice Artific |       |       |       |       |     1 |       ||     1
       Apocalypse        |       |       |       |       |     2 |     1 ||     3
  Use: Potion            |     1 |       |     2 |     6 |     3 |     4 ||    16
       Scroll            |       |       |    17 |     2 |    10 |       ||    29
 Stab: Distracted        |       |       |     1 |     3 |     8 |     2 ||    14
       Invisible         |       |       |       |     8 |    21 |     3 ||    32
       Paralysed         |       |       |       |       |    23 |     1 ||    24
  Eat: Chunk             |       |     4 |     8 |    25 |    43 |     2 ||    82
       Bread ration      |       |       |     2 |       |       |       ||     2
       Meat ration       |       |       |       |     1 |     2 |       ||     3
       Pizza             |       |       |       |       |     2 |     1 ||     3
